 Dungeon Crawl Stone Soup version 0.17.0-56-gd8de76c (console) character file.

3224 Kloppie the Ducker (level 9, -1/84 (85) HPs)
             Began as a Naga Ice Elementalist on Dec 5, 2015.
             Was a Follower of Vehumet.
             Hit by a stone thrown by an orc warrior (7 damage)
             ... on level 8 of the Dungeon.
             The game lasted 00:21:17 (9698 turns).

Kloppie the Ducker (Naga Ice Elementalist)          Turns: 9698, Time: 00:21:17

HP:   -1/84 (85)    AC:  8    Str: 10    XL:     9   Next: 98%
MP:   9/12          EV: 13    Int: 18    God:    Vehumet [*.....]
Gold: 421           SH:  0    Dex: 13    Spells: 3 memorised, 4 levels left

rFire  . . .     SeeInvis +     y - +1 whip (elec)
rCold  . . .     Clarity  .     a - +1 robe
rNeg   + + .     SustAt   .     (no shield)
rPois  +         Gourm    .     (no helmet)
rElec  .         Spirit   .     (no cloak)
rCorr  .         Warding  .     t - +2 pair of gloves
rMut   .         Stasis   .     (no barding)
MR     +....                    (no amulet)
Stlth  ++........               G - ring of positive energy
                                F - ring of positive energy

@: very slightly contaminated, very slow, somewhat resistant to hostile
enchantments, unstealthy
A: see invisible, deformed body, poison resistance, slowness 2, slow metabolism
1, spit poison 2, AC +3
a: Spit Poison, Renounce Religion


You were on level 8 of the Dungeon.
You worshipped Vehumet.
Vehumet was aware of your devotion.
You were not hungry.

You visited 2 branches of the dungeon, and saw 9 of its levels.

You collected 421 gold pieces.

Inventory:

Hand Weapons
 e - a +0 spear
 w - a +0 quarterstaff
 y - a +1 whip of electrocution (weapon)
Missiles
 g - 30 poisoned needles
Armour
 a - a +1 robe (worn)
 t - a +2 pair of gloves (worn)
 u - a +0 ring mail
 M - a cursed +0 shield
Jewellery
 F - a ring of positive energy (left hand)
 G - a ring of positive energy (right hand)
 J - an uncursed ring of fire
Scrolls
 f - 2 scrolls of random uselessness
 h - 2 scrolls of identify
 i - a scroll of enchant weapon
 l - a scroll of blinking
 m - a scroll of vulnerability {unknown}
 n - a scroll of enchant armour
 o - 2 scrolls of remove curse
 q - 2 scrolls of fog {unknown}
 v - a scroll of amnesia
 B - a scroll of teleportation
 D - a scroll of immolation {unknown}
Potions
 d - a potion of flight
 j - a potion of cancellation
 k - a potion of might
 p - 3 potions of curing
 r - a potion of heal wounds
 s - 2 potions of invisibility
 x - a potion of ambrosia {unknown}
 z - 2 potions of magic {unknown}
 A - 2 potions of agility
 H - a potion of degeneration {unknown}
 I - a potion of haste
 L - a potion of brilliance {unknown}
Books
 b - a book of Frost

   Spells                             Type                      Level
   a - Freeze                         Ice                          1
   b - Throw Frost                    Conjuration/Ice              2
   c - Ozocubu's Armour               Charms/Ice                   3
   d - Throw Icicle                   Conjuration/Ice              4
   e - Summon Ice Beast               Ice/Summoning                4
   f - Condensation Shield            Ice                          4
 K - a book of Spatial Translocations

   Spells                             Type                      Level
   a - Apportation                    Translocation                1
   b - Blink                          Translocation                2
   c - Shroud of Golubria             Charms/Translocation         2
   d - Portal Projectile              Translocation                3
   e - Teleport Other                 Translocation                3
   f - Passage of Golubria            Translocation                4
Comestibles
 c - 5 bread rations
 E - a royal jelly


   Skills:
 - Level 6.4 Fighting
 - Level 4.1 Maces & Flails
 + Level 6.8 Dodging
 - Level 3.0 Stealth
 - Level 2.0 Spellcasting
 + Level 4.7 Conjurations
 - Level 3.0 Charms
 + Level 6.1 Ice Magic


You had 4 spell levels left.
You knew the following spells:

 Your Spells              Type           Power        Failure   Level  Hunger
a - Freeze                Ice            ###.         1%          1    #......
b - Ozocubu's Armour      Chrm/Ice       ###.....     10%         3    ###....
c - Throw Icicle          Conj/Ice       ###.....     24%         4    #####..


Dungeon Overview and Level Annotations

Branches:
Dungeon (8/15)             Temple (1/1) D:4
   Lair: D:8-11

Altars:
Ashenzari
Cheibriados
Dithmenos
Elyvilon
Fedhas
Gozag
Kikubaaqudgha
Makhleb
Nemelex Xobeh
Okawaru
Qazlal
Ru
Sif Muna
Trog
Vehumet
Xom
Yredelemnul
Zin
The Shining One

Shops:
D:5 [


Innate Abilities, Weirdness & Mutations

You cannot wear boots.
Your serpentine skin is tough (AC +3).
You have supernaturally acute eyesight.
Armour fits poorly on your strangely shaped body.
Your system is resistant to poisons.
You cover ground very slowly.
You have a slow metabolism.
You can spit poison.


Message History

The orc shouts!
The orc warrior hits you with a mace!!
* * * LOW HITPOINT WARNING * * *
Casting: Freeze
Confirm with . or Enter, or press ? or * to list all spells.
You miscast Ozocubu's Armour.
You are very lightly contaminated with residual magic.
A chill runs through your body. The orc warrior hits you with a mace!!
* * * LOW HITPOINT WARNING * * *
The orc warrior throws a stone.
The stone closely misses you.
You see here 2 stones.
The orc warrior throws a stone.
The stone hits you.
* * * LOW HITPOINT WARNING * * *
The orc warrior throws a stone.
The stone barely misses you.
A centaur comes into view.
You see here a stone.
The orc warrior throws a stone.
The stone barely misses you.
Found 19 bolts.
The orc warrior throws a stone.
The stone hits you!
You die...

................<...# #.
....................### #.
%.....................## ##.
............###.........#...
..#..........##.#.......#.
#...######..............#.
###. ######....##...#
#(.##########c........#.
#..>(.@.(((ooo.......#.
#......(..###...#....##
...#######.##........... #
##.......####.....
#........# ##...# ####..##.#
##.## ##....# ### ####.# ###


You could see an orc warrior, a centaur and 2 orcs.

Vanquished Creatures
  Sigmund (D:4)
  3 ice beasts
  2 sky beasts
  A black bear (D:8)
  2 phantoms
  A necrophage (D:7)
  3 ogres
  4 giant frogs
  4 centaurs
  A gnoll sergeant (D:8)
  5 scorpions
  A quasit (D:7)
  5 hounds
  3 centaur skeletons
  A giant frog skeleton (D:4)
  3 jellies
  2 giant frog zombies
  Ijyb (D:2)
  2 iguanas
  4 orc wizards
  An orc priest (D:4)
  6 worker ants
  A hound skeleton (D:8)
  6 gnolls
  3 river rats (D:3)
  8 adders
  2 shadow imps (D:8)
  An ooze (D:4)
  2 adder skeletons (D:4)
  2 worms (D:2)
  4 giant geckos
  10 orcs
  2 ball pythons
  7 bats
  6 giant cockroaches
  2 gnoll zombies (D:5)
  2 hobgoblins
  5 jackals
  12 kobolds
  2 quokkas
  A giant gecko skeleton (D:5)
  9 giant newts
  4 goblins
  2 quokka zombies
  6 rats
  A plant (D:3)
156 creatures vanquished.

Vanquished Creatures (others)
  A plant (D:3)
1 creature vanquished.

Grand Total: 157 creatures vanquished

Notes
Turn   | Place    | Note
--------------------------------------------------------------
     0 | D:1      | Kloppie the Naga Ice Elementalist began the quest for the Orb.
     0 | D:1      | Reached XP level 1. HP: 15/15 MP: 3/3
   147 | D:1      | Reached skill level 1 in Fighting
   147 | D:1      | Reached XP level 2. HP: 15/25 MP: 1/5
  1080 | D:2      | Reached XP level 3. HP: 29/31 MP: 2/6
  1397 | D:2      | Noticed Ijyb
  1405 | D:2      | Killed Ijyb
  1405 | D:2      | Reached XP level 4. HP: 36/39 MP: 2/7
  2081 | D:2      | Found a shattered altar of Ashenzari.
  2389 | D:2      | Learned a level 3 spell: Ozocubu's Armour
  2707 | D:3      | Reached XP level 5. HP: 32/46 MP: 4/8
  2725 | D:3      | Reached skill level 4 in Ice Magic
  2974 | D:3      | Found a shadowy altar of Dithmenos.
  3644 | D:3      | Learned a level 4 spell: Throw Icicle
  3842 | D:4      | Reached XP level 6. HP: 53/56 MP: 5/9
  4332 | D:4      | Found a staircase to the Ecumenical Temple.
  4341 | Temple   | Entered the Ecumenical Temple
  4560 | D:4      | Noticed Sigmund
  4568 | D:4      | Killed Sigmund
  4568 | D:4      | Reached XP level 7. HP: 38/64 MP: 2/10
  5312 | D:4      | Found a radiant altar of Vehumet.
  5316 | D:4      | Became a worshipper of Vehumet
  5426 | D:5      | Entered Level 5 of the Dungeon
  5489 | D:5      | Found a glowing silver altar of Zin.
  5956 | D:5      | Reached skill level 5 in Fighting
  5956 | D:5      | Reached XP level 8. HP: 62/74 MP: 5/11
  6050 | D:5      | Found Coseso Rihu's Armour Boutique.
  6240 | D:5      | Reached skill level 5 in Dodging
  6415 | D:5      | Found a basalt altar of Yredelemnul.
  6622 | D:6      | Reached skill level 1 in Charms
  7127 | D:6      | Reached skill level 6 in Fighting
  7519 | D:6      | Reached XP level 9. HP: 74/82 MP: 8/12
  7931 | D:7      | Reached skill level 1 in Maces & Flails
  8025 | D:7      | Reached * piety under Vehumet
  8025 | D:7      | Offered knowledge of Sandblast by Vehumet.
  8357 | D:7      | Reached skill level 5 in Ice Magic
  9283 | D:8      | Found an ancient bone altar of Kikubaaqudgha.
  9319 | D:8      | Found a stormy altar of Qazlal.
  9364 | D:8      | Found a sacrificial altar of Ru.
  9698 | D:8      | Hit by a stone thrown by an orc warrior

Action                   |  1- 3 |  4- 6 |  7- 9 || total
-------------------------+-------+-------+-------++-------
Melee: Unarmed           |     3 |       |       ||     3
       Spear             |    15 |    54 |       ||    69
       Quarterstaff      |       |   101 |    18 ||   119
       Whip              |       |     7 |   269 ||   276
 Cast: Freeze            |    21 |    56 |   131 ||   208
       Ozocubu's Armour  |       |     1 |     3 ||     4
 Abil: Spit Poison       |     2 |     2 |     4 ||     8
  Use: Scroll            |       |       |    18 ||    18
 Stab: Sleeping          |     1 |     5 |     4 ||    10
       Distracted        |       |     1 |       ||     1
  Eat: Chunk             |     1 |     9 |    11 ||    21
       Beef jerky        |       |       |     1 ||     1
       Meat ration       |       |       |     1 ||     1
